 Dungeon Sprint DCSS version 0.30-a0-475-g03497ec522 (webtiles) character file.

Game seed: 8514972381882025688

1108 NinjaNoafa the Thaumaturge (level 8, 0/68 HPs)
             Began as a Gnoll Warper on Dec 21, 2022.
             Was the Champion of Cheibriados.
             Slain by a sixfirhy (11 damage)
             ... summoned by a kobold demonologist
             ... in the Dungeon (Sprint VII: "The Pits").
             The game lasted 00:06:53 (1172 turns).

NinjaNoafa the Thaumaturge (Gnoll Warper)           Turns: 1172, Time: 00:06:54

Health: 0/68       AC:  6    Str: 25    XL:     8   Next: 33%
Magic:  17/20      EV: 21    Int: 31    God:    Cheibriados [******]
Gold:   0          SH:  0    Dex: 32    Spells: 8/23 levels left

rFire   . . .      SeeInvis .    j - +0 lajatang
rCold   . . .      Faith    .    (shield currently unavailable)
rNeg    . . .      Spirit   .    b - +0 leather armour
rPois   .          Reflect  .    r - +0 helmet
rElec   .          Harm     .    (no cloak)
rCorr   .          Rampage  .    (no gloves)
Will    .....      NoTele   +    q - +0 pair of boots
Stlth   ++++......               (no amulet)
HPRegen 0.31/turn                g - +3 ring of dexterity
MPRegen 0.17/turn                p - +3 ring of dexterity

@: very slow
A: fangs 1, strong nose, distributed training
a: Renounce Religion, Bend Time, Temporal Distortion, Slouch, Step From Time


You were in the Dungeon.
You worshipped Cheibriados.
Cheibriados was exalted by your worship.
You visited 1 branch

Inventory:

Hand Weapons
 j - a +0 lajatang (weapon)
Missiles
 d - 7 boomerangs of dispersal (quivered)
 k - 10 stones
Armour
 b - a +0 leather armour (worn)
 q - a +0 pair of boots (worn)
 r - a +0 helmet (worn)
Jewellery
 g - a +3 ring of dexterity (left hand)
 p - a +3 ring of dexterity (right hand)
Scrolls
 l - 5 scrolls of amnesia
 m - a scroll of summoning
 n - 2 scrolls of vulnerability
Potions
 a - 2 potions of invisibility
 e - 6 potions of curing
 f - 6 potions of heal wounds
 h - 3 potions of magic
 i - 6 potions of berserk rage
 o - a potion of mutation


   Skills:
 + Level 8.1 Fighting
 + Level 6.6 Short Blades
 + Level 6.6 Long Blades
 + Level 6.6 Axes
 + Level 8.1 Maces & Flails
 + Level 6.6 Polearms
 + Level 6.6 Staves
 + Level 6.6 Ranged Weapons
 + Level 7.2 Throwing
 + Level 7.2 Armour
 + Level 8.1 Dodging
 + Level 6.6 Stealth
 + Level 6.6 Shields
 + Level 6.6 Unarmed Combat
 + Level 8.4 Spellcasting
 + Level 5.5 Conjurations
 + Level 5.5 Hexes
 + Level 5.5 Summonings
 + Level 5.5 Necromancy
 + Level 7.8 Translocations
 + Level 5.5 Transmutations
 + Level 5.5 Fire Magic
 + Level 5.5 Ice Magic
 + Level 5.5 Air Magic
 + Level 5.5 Earth Magic
 + Level 5.5 Poison Magic
 + Level 7.3 Invocations
 + Level 6.6 Evocations


You had 8 spell levels left.
You knew the following spells:

 Your Spells              Type           Power      Damage    Failure   Level
a - Blink                 Tloc           100%       N/A       1%          2
b - Lesser Beckoning      Tloc           100%       N/A       1%          3
c - Teleport Other        Tloc           58%        N/A       1%          3
d - Vhi's Electric Charg  Tloc/Air       100%       N/A       1%          3
e - Manifold Assault      Tloc           58%        N/A       1%          4

Your spell library contained the following spells:

 Spells                   Type           Power      Damage    Failure   Level


Dungeon Overview and Level Annotations

Branches:
Dungeon (1/1)

Altars:
Ashenzari
Cheibriados
Dithmenos
Elyvilon
Fedhas
Gozag
Hepliaklqana
Kikubaaqudgha
Makhleb
Nemelex Xobeh
Okawaru
Qazlal
Ru
Sif Muna
Trog
Uskayaw
Vehumet
Wu Jian
Xom
Yredelemnul
Zin
The Shining One
Jiyva
Lugonu


Innate Abilities, Weirdness & Mutations

You have very sharp teeth.
Your uncanny sense of smell can sniff out nearby items.
Your experience applies equally to all skills.


Message History

A kobold demonologist, an ogre and an ice devil come into view.
Something misses you.
There is an open gate here.
Something barely misses you. Something closely misses you.
You close the gate.
Something closely misses you.
Casting: Manifold Assault (dangerous; 1% risk of failure)
Confirm with . or Enter, or press ? or * to list all spells.
You don't have enough magic to cast this spell.
Casting: Manifold Assault (dangerous; 1% risk of failure)
Confirm with . or Enter, or press ? or * to list all spells.
You don't have enough magic to cast this spell.
Something hits you. Something hits you but does no damage.
You miss something. Something hits you. Something closely misses you.
Okay, then.
You slash something! Something hits you but does no damage.
The kobold demonologist shouts!
The ogre shouts!
Something misses you. Something hits you!
The kobold demonologist casts a cantrip, but nothing happens.
The kobold demonologist gestures wildly while chanting.
The sixfirhy completely misses you. The sixfirhy closely misses you.
Something hits you. The sixfirhy hits you. The sixfirhy shocks you!
Something hits you but does no damage. The sixfirhy misses you.
The ice devil hits you but does no damage.
The kobold demonologist mumbles some strange words.
You feel much better. The ice devil misses you.
The ogre hits you with a +0 giant club! Magic courses through your body.
The ice devil completely misses you.
Casting: Manifold Assault (dangerous; 1% risk of failure)
Confirm with . or Enter, or press ? or * to list all spells.
Space momentarily warps into an impossible shape!
You slash the kobold demonologist! You hit the ogre. You slash the shadow imp!
You kill the shadow imp!
The shadow imp disappears in a puff of smoke!
The sixfirhy closely misses you. The sixfirhy hits you!
The sixfirhy shocks you!
* * * LOW HITPOINT WARNING * * *
The sixfirhy misses you. The ogre misses you. The sixfirhy hits you!
* * * LOW HITPOINT WARNING * * *
The sixfirhy shocks you!
You die...

[.##.......##..#
[###...<...##..####
..##.......##..#..###
..##.......##..#....##
####.......##..+.....#
..###########..+.....+
.############..+{55..#
)#....#..[.##..#3OK.##
†#....#..[.##..#@4###
.)....'.)))##..####
'#....#...)##..#
.#....#..).##..#
################


You could see an ice devil, a kobold demonologist, a sixfirhy (summoned), an
ogre, an iron imp (summoned) and an ufetubus (summoned).

Vanquished Creatures
  A cane toad (D)
  A fire bat (D)
  A warg (D)
  A water moccasin (D)
  A floating eye (D)
  An ogre (D)
  A black bear (D)
  A scorpion (D)
  2 iron imps (D)
  An iguana (D)
  A mummy (D)
  3 adders (D)
  An endoplasm (D)
  A hobgoblin (D)
  8 jackals (D)
  A ball python (D)
  A bat (D)
  A quokka zombie (D)
28 creatures vanquished.

Notes
Turn   | Place    | Note
-------+----------+-------------------------------------------
     0 | D        | NinjaNoafa the Gnoll Warper began the quest for the Orb.
     0 | D        | Reached XP level 1. HP: 20/20 MP: 6/6
    61 | D        | Found a bloodstained altar of Trog.
    61 | D        | Found a shimmering blue altar of Sif Muna.
    61 | D        | Found a viscous altar of Jiyva.
    61 | D        | Found a hazy altar of Hepliaklqana.
    61 | D        | Found an opulent altar of Gozag.
    92 | D        | Found a glowing golden altar of the Shining One.
    92 | D        | Found a glowing silver altar of Zin.
    92 | D        | Found a basalt altar of Yredelemnul.
    92 | D        | Found a shimmering altar of Xom.
    92 | D        | Found an ornate altar of the Wu Jian Council.
    92 | D        | Found a sacrificial altar of Ru.
    92 | D        | Found a stormy altar of Qazlal.
    92 | D        | Found an iron altar of Okawaru.
    92 | D        | Found a sparkling altar of Nemelex Xobeh.
    92 | D        | Found a burning altar of Makhleb.
    92 | D        | Found a blossoming altar of Fedhas.
    92 | D        | Found a white marble altar of Elyvilon.
    92 | D        | Found a shadowy altar of Dithmenos.
    92 | D        | Found a snail-covered altar of Cheibriados.
    93 | D        | Found a radiant altar of Vehumet.
    93 | D        | Found a corrupted altar of Lugonu.
    96 | D        | Found a broken altar of Ashenzari.
    96 | D        | Found an ancient bone altar of Kikubaaqudgha.
    96 | D        | Found a hide-covered altar of Uskayaw.
   104 | D        | Became a worshipper of Cheibriados the Contemplative
   134 | D        | Reached * piety under Cheibriados
   135 | D        | Reached skill level 1 in Short Blades
   135 | D        | Reached skill level 1 in Long Blades
   135 | D        | Reached skill level 1 in Axes
   135 | D        | Reached skill level 1 in Polearms
   135 | D        | Reached skill level 1 in Staves
   135 | D        | Reached skill level 1 in Ranged Weapons
   135 | D        | Reached skill level 1 in Stealth
   135 | D        | Reached skill level 1 in Shields
   135 | D        | Reached skill level 1 in Unarmed Combat
   135 | D        | Reached skill level 5 in Spellcasting
   135 | D        | Reached skill level 1 in Conjurations
   135 | D        | Reached skill level 1 in Hexes
   135 | D        | Reached skill level 1 in Summonings
   135 | D        | Reached skill level 1 in Necromancy
   135 | D        | Reached skill level 1 in Transmutations
   135 | D        | Reached skill level 1 in Fire Magic
   135 | D        | Reached skill level 1 in Ice Magic
   135 | D        | Reached skill level 1 in Air Magic
   135 | D        | Reached skill level 1 in Earth Magic
   135 | D        | Reached skill level 1 in Poison Magic
   135 | D        | Reached skill level 1 in Invocations
   135 | D        | Reached skill level 1 in Evocations
   135 | D        | Reached XP level 2. HP: 11/26 MP: 8/8
   139 | D        | Reached ** piety under Cheibriados
   222 | D        | Reached *** piety under Cheibriados
   223 | D        | Reached XP level 3. HP: 22/32 MP: 9/9
   272 | D        | Noticed a floating eye
   277 | D        | Killed a floating eye
   278 | D        | Reached skill level 5 in Fighting
   278 | D        | Reached skill level 5 in Maces & Flails
   278 | D        | Reached skill level 5 in Dodging
   278 | D        | Reached XP level 4. HP: 36/40 MP: 10/12
   278 | D        | Reached XP level 5. HP: 41/46 MP: 10/13
   284 | D        | Reached **** piety under Cheibriados
   295 | D        | Reached ***** piety under Cheibriados
   303 | D        | Learned a level 2 spell: Blink
   307 | D        | Learned a level 3 spell: Lesser Beckoning
   311 | D        | Learned a level 3 spell: Teleport Other
   315 | D        | Learned a level 3 spell: Vhi's Electric Charge
   320 | D        | Learned a level 4 spell: Manifold Assault
   446 | D        | Noticed a fire bat
   446 | D        | Noticed a black bear
   541 | D        | Killed a fire bat
   542 | D        | Reached skill level 5 in Throwing
   542 | D        | Reached skill level 5 in Armour
   542 | D        | Reached skill level 5 in Invocations
   542 | D        | Reached XP level 6. HP: 32/53 MP: 12/16
   630 | D        | Reached skill level 5 in Short Blades
   630 | D        | Reached skill level 5 in Long Blades
   630 | D        | Reached skill level 5 in Axes
   630 | D        | Reached skill level 5 in Polearms
   630 | D        | Reached skill level 5 in Staves
   630 | D        | Reached skill level 5 in Ranged Weapons
   630 | D        | Reached skill level 5 in Stealth
   630 | D        | Reached skill level 5 in Shields
   630 | D        | Reached skill level 5 in Unarmed Combat
   630 | D        | Reached skill level 5 in Evocations
   665 | D        | Reached ****** piety under Cheibriados
   715 | D        | Noticed a warg
   724 | D        | Killed a warg
   725 | D        | Reached XP level 7. HP: 54/60 MP: 14/17
   745 | D        | Noticed a cane toad
   754 | D        | HP: 2/60 [cane toad (19)]
   767 | D        | Killed a cane toad
   768 | D        | Reached skill level 5 in Conjurations
   768 | D        | Reached skill level 5 in Hexes
   768 | D        | Reached skill level 5 in Summonings
   768 | D        | Reached skill level 5 in Necromancy
   768 | D        | Reached skill level 5 in Transmutations
   768 | D        | Reached skill level 5 in Fire Magic
   768 | D        | Reached skill level 5 in Ice Magic
   768 | D        | Reached skill level 5 in Air Magic
   768 | D        | Reached skill level 5 in Earth Magic
   768 | D        | Reached skill level 5 in Poison Magic
   768 | D        | Reached XP level 8. HP: 27/68 MP: 1/20
  1153 | D        | Noticed a death knight
  1153 | D        | Noticed an emperor scorpion
  1153 | D        | Noticed an ogre mage
  1153 | D        | Noticed a two-headed ogre
  1153 | D        | Noticed a two-headed ogre
  1155 | D        | Noticed an efreet
  1156 | D        | Noticed a death cob
  1156 | D        | Noticed a manticore
  1157 | D        | Noticed a guardian serpent
  1161 | D        | Noticed a kobold demonologist
  1161 | D        | Noticed an ice devil
  1169 | D        | Noticed a sixfirhy
  1172 | D        | Slain by a sixfirhy

Illustrated notes

Levels and vault maps discovered:
D:        pitsprint [storerooms_1, entrance_room_1, metal_vault_1, armoury_3,
          mini_pit_1, grid_room_1, main_hall_1, silver_pit, the_coven_3,
          the_vestibule_1, steel_vault_1, golden_pit, hallway_of_sentries,
          crystal_vault_2, iron_vault_1, final_vault]

Skill      XL: |  1  2  3  4  5  6  7  8 |
---------------+-------------------------+-----
Short Blades   | 1 3 4 5 6 |  6.6
Long Blades    | 1 3 4 5 6 |  6.6
Axes           | 1 3 4 5 6 |  6.6
Polearms       | 1 3 4 5 6 |  6.6
Staves         | 1 3 4 5 6 |  6.6
Ranged Weapons | 1 3 4 5 6 |  6.6
Stealth        | 1 3 4 5 6 |  6.6
Shields        | 1 3 4 5 6 |  6.6
Unarmed Combat | 1 3 4 5 6 |  6.6
Spellcasting   | 5 6 7 8 |  8.4
Conjurations   | 1 2 4 5 |  5.5
Hexes          | 1 2 4 5 |  5.5
Summonings     | 1 2 4 5 |  5.5
Necromancy     | 1 2 4 5 |  5.5
Transmutations | 1 2 4 5 |  5.5
Fire Magic     | 1 2 4 5 |  5.5
Ice Magic      | 1 2 4 5 |  5.5
Air Magic      | 1 2 4 5 |  5.5
Earth Magic    | 1 2 4 5 |  5.5
Poison Magic   | 1 2 4 5 |  5.5
Invocations    | 1 2 3 5 6 7 |  7.3
Evocations     | 1 3 4 5 6 |  6.6
Throwing       | 3 4 5 6 7 |  7.2
Armour         | 3 4 5 6 7 |  7.2
Fighting       | 5 6 7 8 |  8.1
Maces & Flails | 5 6 7 8 |  8.1
Dodging        | 5 6 7 8 |  8.1
Translocations | 6 7 |  7.8

Action                   |  1- 3 |  4- 6 |  7- 9 || total
-------------------------+-------+-------+-------++-------
Melee: Mace              |    31 |    46 |    20 ||    97
       Bite              |     1 |     4 |     2 ||     7
       Punch             |       |     1 |       ||     1
       Lajatang          |       |       |    24 ||    24
 Cast: Manifold Assault  |       |     3 |    10 ||    13
       Vhi's Electric Ch |       |     3 |     1 ||     4
       Teleport Other    |       |     1 |       ||     1
       Blink             |       |     1 |       ||     1
       Lesser Beckoning  |       |     1 |       ||     1
  Use: Potion            |       |       |     8 ||     8
       Scroll            |       |       |     2 ||     2
 Stab: Sleeping          |     2 |       |       ||     2
Armor: Leather armour    |     7 |    12 |    16 ||    35
Dodge: Dodged            |    37 |    75 |    64 ||   176

Table legend: (Time is in decaauts)
 A = Elapsed time spent in this place.
 B = Non-inter-level travel time spent in this place.
 C = Inter-level travel time spent in this place.
 D = Time resting spent in this place.
 E = Time spent auto-exploring this place.
 F = Levels seen in this place.
 G = Mean time per level.
                   A        B        C        D        E       F      G
               +--------+--------+--------+--------+--------+-----+--------+
         Total |   1389 |   1379 |     10 |      0 |    920 |   1 | 1389.0 |
       Dungeon |   1389 |   1379 |     10 |      0 |    920 |   1 | 1389.0 |
               +--------+--------+--------+--------+--------+-----+--------+

Top non-repeatable levels by time:
       D: 1389 daAuts
